 Dungeon Crawl Stone Soup version 0.29.1-12-g30fa7ad0bf (webtiles) character file.

Game seed: 13128938698925730196

373 DoIIoM the Sneak (level 6, -1/41 HPs)
             Began as an Octopode Earth Elementalist on Jan 15, 2023.
             Slain by a sky beast (5 damage)
             ... on level 6 of the Dungeon.
             The game lasted 00:13:01 (4960 turns).

DoIIoM the Sneak (Octopode Earth Elementalist)      Turns: 4960, Time: 00:13:02

Health: -1/41      AC:  1    Str:  7    XL:     6   Next: 72%
Magic:  3/10       EV: 13    Int: 19    God:
Gold:   477        SH:  0    Dex: 13    Spells: 7/11 levels left

rFire   . . .      SeeInvis .   m - +1 dagger (pain)
rCold   . . .      Faith    .   (no shield)
rNeg    . . .      Spirit   .   (helmet restricted)
rPois   .          Reflect  .   (no amulet)
rElec   .          Harm     .   (no ring)
rCorr   .          Rampage  .   (no ring)
Will    .....                   (no ring)
Stlth   ++++......              (no ring)
HPRegen 0.13/turn               (no ring)
MPRegen 0.12/turn               (no ring)
                                (no ring)
                                (no ring)

@: no status effects
A: almost no armour, amphibious, 8 rings, camouflage 1, gelatinous body 1,
(nimble swimmer 1), tentacles
a: no special abilities


You were on level 6 of the Dungeon.
You visited 1 branch of the dungeon, and saw 6 of its levels.

You collected 477 gold pieces.

Inventory:

Hand Weapons
 b - a +0 dagger
 m - a +1 dagger of pain (weapon)
Magical Staves
 k - a staff of poison
Jewellery
 c - an amulet of faith
 o - a ring of see invisible
Wands
 g - a wand of mindburst (2)
Scrolls
 e - 5 scrolls of teleportation
 i - a scroll of butterflies {unknown}
 j - a scroll of brand weapon {unknown}
 l - a scroll of poison {unknown}
 n - a scroll of enchant armour {unknown}
 p - 2 scrolls of torment {unknown}
 q - 2 scrolls of identify {unknown}
 t - a scroll of vulnerability {unknown}
Potions
 a - a potion of magic
 d - 4 potions of flight {unknown}
 f - 3 potions of might
 h - 2 potions of resistance {unknown}
 r - a potion of ambrosia {unknown}
 s - a potion of berserk rage {unknown}


   Skills:
 + Level 2.7 Fighting
 - Level 2.0 Dodging
 + Level 4.9 Stealth
 + Level 3.2 Spellcasting
 + Level 2.9 Transmutations
 + Level 4.2 Earth Magic


You had 7 spell levels left.
You knew the following spells:

 Your Spells              Type           Power      Damage    Failure   Level
a - Sandblast             Erth           38%        2d10      2%          1
b - Stone Arrow           Conj/Erth      22%        3d8       19%         3

Your spell library contained the following spells:

 Spells                   Type           Power      Damage    Failure   Level
 Passwall                 Tmut/Erth      13%        N/A       5%          2
 Slow                     Hex            12%        N/A       16%         1
 Petrify                  Tmut/Erth      16%        N/A       34%         4
 Confusing Touch          Hex            3%         N/A       41%         3
 Inner Flame              Hex/Fire       3%         N/A       41%         3
 Ozocubu's Armour         Ice            3%         N/A       41%         3
 Vampiric Draining        Necr           3%         2d6       41%         3
 Anguish                  Hex/Necr       1%         N/A       83%         4
 Cause Fear               Hex            1%         N/A       83%         4
 Metabolic Englaciation   Hex/Ice        1%         N/A       99%         5
 Simulacrum               Ice/Necr       1%         N/A       100%        6
 Enfeeble                 Hex            1%         N/A       100%        7
 Discord                  Hex            1%         N/A       100%        8


Dungeon Overview and Level Annotations

Branches:
Dungeon (6/15)
 Temple: D:4-7

Altars:
Gozag
Okawaru

Shops:
D:1 [   D:4 :

Annotations:
D:2 Sigmund
D:5 2 runed translucent doors, MacCMillion's ghost, novice MfIE
D:6 Dowan; Duvessa


Innate Abilities, Weirdness & Mutations

You cannot wear most types of armour.
You are amphibious.
You can wear up to eight rings at the same time.
Your skin changes colour to match your surroundings (Stealth+).
Your rubbery body absorbs attacks. (AC +1, EV +1)
((You are camouflaged when in or above water. (Stealth+)))
You have tentacles for arms and can constrict up to eight enemies at once.


Message History

Confirm with . or Enter, or press ? or * to list all spells.
Aiming: Sandblast (safe; 2% risk of failure)
Press: ? - help, Shift-Dir - straight line, f/p - sky beast
Aim: a sky beast (75% to hit)
The blast of sand hits the sky beast.
The sky beast is lightly wounded.
The sky beast hits you. The sky beast shocks you.
Your magical contamination has completely faded away.
Casting: Sandblast (safe; 2% risk of failure)
Confirm with . or Enter, or press ? or * to list all spells.
Aiming: Sandblast (safe; 2% risk of failure)
Press: ? - help, Shift-Dir - straight line, f/p - sky beast
Aim: a sky beast (lightly wounded, 75% to hit)
The blast of sand hits the sky beast!
The sky beast is heavily wounded.
The sky beast barely misses you. The sky beast hits you.
The sky beast shocks you.
* * * LOW HITPOINT WARNING * * *
Casting: Sandblast (safe; 2% risk of failure)
Confirm with . or Enter, or press ? or * to list all spells.
Aiming: Sandblast (safe; 2% risk of failure)
Press: ? - help, Shift-Dir - straight line, f/p - sky beast
Aim: a sky beast (heavily wounded, 75% to hit)
The blast of sand misses the sky beast.
The blast of sand hits the gnoll bouda.
The gnoll bouda is moderately wounded.
Your attacks no longer feel as feeble.
The gnoll barely misses you. The sky beast barely misses you.
Casting: Sandblast (safe; 2% risk of failure)
Confirm with . or Enter, or press ? or * to list all spells.
Aiming: Sandblast (safe; 2% risk of failure)
Press: ? - help, Shift-Dir - straight line, f/p - sky beast
Aim: a sky beast (heavily wounded, 75% to hit)
The blast of sand hits the sky beast.
The sky beast is heavily wounded.
The gnoll closely misses you.
The sky beast flickers out of sight!
Deactivating autopickup; reactivate with Ctrl-A.
Something hits you.
* * * LOW HITPOINT WARNING * * *
Something shocks you.
You die...

######### . #.......# ..
##.......# ####.#
.#.......#### .....##
.#.........^. .....[.
.#.......#########g...###
.'...>..........@{g.....#
.#################g...#.#
.# ....# ## #########
.(..# #.ยง.e..<# ....#
#.####### ......
#........ .......
........# .......


ee........ You could see a gnoll bouda and 2 gnolls.

Vanquished Creatures
  A scorpion (D:5)
  A hound (D:5)
  Jessica (D:3)
  2 iguanas
  Ijyb (D:5)
  Robin (D:3)
  6 adders
  A shadow imp (D:5)
  2 white imps (D:5)
  2 worms (D:3)
  5 dart slugs
  4 orcs
  8 endoplasms
  2 giant cockroaches
  13 goblins
  10 hobgoblins
  5 jackals
  A kobold (D:1)
  4 quokkas
  2 ball pythons
  3 bats (D:1)
  2 frilled lizards
  7 rats (D:1)
84 creatures vanquished.

Notes
Turn   | Place    | Note
-------+----------+-------------------------------------------
     0 | D:1      | DoIIoM the Octopode Earth Elementalist began the quest for
                  | the Orb.
     0 | D:1      | Reached XP level 1. HP: 11/11 MP: 3/3
   103 | D:1      | Reached XP level 2. HP: 14/18 MP: 0/5
   480 | D:1      | Reached XP level 3. HP: 19/22 MP: 6/6
   543 | D:1      | Reached skill level 1 in Fighting
   612 | D:1      | Learned a level 3 spell: Stone Arrow
   946 | D:1      | Found Igenos's Antique Armour Shoppe.
  1188 | D:2      | Noticed Sigmund
  1408 | D:3      | Reached XP level 4. HP: 28/28 MP: 2/7
  1525 | D:3      | Identified the +2 robe of Sijuh {Harm rElec}
  2030 | D:3      | Reached XP level 5. HP: 32/34 MP: 3/9
  2085 | D:3      | Noticed Jessica
  2094 | D:3      | Killed Jessica
  2349 | D:3      | Noticed Robin
  2368 | D:3      | Killed Robin
  2998 | D:3      | Identified a scroll of acquirement
  2998 | D:3      | Acquired 280 gold pieces
  3372 | D:4      | Found Owotef's Self-Improvement Boutique.
  3497 | D:4      | Noticed an ogre
  3585 | D:5      | Entered Level 5 of the Dungeon
  3607 | D:5      | Reached XP level 6. HP: 3/40 MP: 1/10
  3947 | D:5      | Found a runed translucent door.
  3955 | D:5      | Noticed MacCMillion's ghost (novice MfIE)
  4026 | D:5      | Found an opulent altar of Gozag.
  4065 | D:5      | Found an iron altar of Okawaru.
  4098 | D:5      | Noticed Ijyb
  4322 | D:5      | Killed Ijyb
  4850 | D:5      | Found a runed translucent door.
  4862 | D:6      | Noticed Dowan
  4863 | D:6      | Noticed Duvessa
  4949 | D:6      | Noticed a sky beast
  4960 | D:6      | Slain by a sky beast

Illustrated notes

Levels and vault maps discovered:
D:1:      reono_arrival_forest_river, layout_loops_ring, serial_shops,
          nicolae_shop_trees
D:2:      layout_basic, uniq_sigmund
D:3:      layout_loops_ring, uniq_jessica, uniq_robin
D:4:      layout_loops_ring, minmay_misc_feat_more_columns,
          nicolae_shop_self_help
D:5:      layout_rooms, okawaru_metal_pillars_1_2, grunt_gozag_breadcrumbs,
          ebering_ghost_sewer_f, uniq_ijyb
D:6:      layout_basic, uniq_duvessa

Skill      XL: |  1  2  3  4  5 |
---------------+----------------+-----
Stealth        | 3 4 |  4.9
Fighting       | 1 2 |  2.7
Transmutations | 2 |  2.9
Spellcasting   | 3 |  3.2
Earth Magic    | 4 |  4.2
Dodging        | |  2.0

Action                   |  1- 3 |  4- 6 || total
-------------------------+-------+-------++-------
Melee: Dagger            |    56 |    69 ||   125
       Tentacles         |    16 |    14 ||    30
       Constrict         |    11 |    15 ||    26
       Punch             |       |     2 ||     2
 Cast: Sandblast         |     9 |    54 ||    63
       Stone Arrow       |       |     1 ||     1
  Use: Scroll            |       |     4 ||     4
       Potion            |       |     3 ||     3
 Stab: Sleeping          |     8 |     9 ||    17
Armor: Skin              |     2 |     5 ||     7
Dodge: Dodged            |    38 |    52 ||    90
